 Dungeon Crawl Stone Soup version 0.24-a0-388-gb57f36d6e0 (webtiles) character file.

Game seed: 4700860723492835963

9379 PentaManta the Slinger (level 11, -1/96 HPs)
             Began as a Halfling Hunter on June 4, 2019.
             Was a High Priest of Okawaru.
             Slain by a wraith (4 damage)
             ... led by Josephine
             ... on level 10 of the Dungeon.
             The game lasted 00:40:39 (11964 turns).

PentaManta the Slinger (Halfling Hunter)           Turns: 11964, Time: 00:40:40

Health: -1/96      AC: 28    Str: 21    XL:     11   Next: 73%
Magic:  11/11      EV:  3    Int:  9    God:    Okawaru [*****.]
Gold:   509        SH:  0    Dex: 20    Spells: 10/10 levels left

rFire    + . .     SeeInvis .   a - +2 hunting sling
rCold    . . .     Gourm    .   (shield restricted)
rNeg     + + +     Faith    .   (armour currently unavailable)
rPois    +         Spirit   .   (helmet currently unavailable)
rElec    .         Reflect  .   (cloak currently unavailable)
rCorr    .         Harm     .   (gloves currently unavailable)
MR       +....     NoTele   +   (boots currently unavailable)
Stlth    +.........             (no amulet)
HPRegen  0.26/turn              C - +3 ring of protection
MPRegen  0.12/turn              D - ring of the Clam {rPois rF+ MR+ Dex+4 Slay+2}

@: mighty, tree-form, silence, drained
A: small, mutation resistance 1
a: Renounce Religion


You were on level 10 of the Dungeon.
You worshipped Okawaru.
Okawaru was extremely pleased with you.
You were hungry.
You were a tree.
You visited 2 branches of the dungeon, and saw 11 of its levels.

You collected 826 gold pieces.
You spent 317 gold pieces at shops.

Inventory:

Hand Weapons
 a - a +2 hunting sling (weapon)
 i - a +0 hand crossbow
Missiles
 h - 218 stones
 l - 43 bolts
 v - 30 poisoned darts
 y - 69 sling bullets (quivered)
 N - 6 atropa-tipped darts
Armour
 x - a +0 pair of boots (melded)
 A - a +0 cloak (melded)
 E - the +1 ring mail of Elyvilon's Wrath (melded) {Stlth+}
   (You found it on level 10 of the Dungeon)

   It makes you more stealthy.
Jewellery
 m - an uncursed ring of protection from magic
 p - an uncursed ring of positive energy
 q - an uncursed ring of positive energy
 t - an uncursed ring of ice
 C - a +3 ring of protection (left branch)
 D - the ring of the Clam (right branch) {rPois rF+ MR+ Dex+4 Slay+2}
   (You found it on level 5 of the Dungeon)

   [ring of protection from fire]

   It affects your dexterity (+4).
   It affects your accuracy and damage with ranged weapons and melee attacks
   (+2).
   It protects you from fire.
   It protects you from poison.
   It affects your resistance to hostile enchantments.
 J - a +2 ring of protection
Wands
 M - a wand of digging (10)
Scrolls
 b - 3 scrolls of enchant armour
 c - a scroll of fear
 g - 8 scrolls of teleportation
 j - 7 scrolls of identify
 k - 7 scrolls of blinking
 n - 5 scrolls of enchant weapon
 u - a scroll of holy word {unknown}
 G - 2 scrolls of amnesia
 H - a scroll of remove curse
Potions
 d - 3 potions of lignification
 w - a potion of mutation
 z - a potion of might
 F - a potion of resistance
Comestibles
 f - 17 rations


   Skills:
 - Level 1.7(0.9) Fighting
 - Level 12.1(11.0) Slings
 + Level 10.5(9.5) Crossbows
 + Level 9.8(8.8) Armour
 + Level 9.9(8.9) Dodging
 - Level 1.1(0.3) Stealth


You had 10 spell levels left.
You didn't know any spells.
Your spell library contained the following spells:

 Spells                   Type           Power        Failure   Level  Hunger
 Confusing Touch          Hex            #.....       38%         1    ##.....
 Magic Dart               Conj           #...         38%         1    ##.....
 Blink                    Tloc           N/A          52%         2    ###....
 Call Imp                 Summ           #.......     52%         2    ###....
 Slow                     Hex            #.......     52%         2    ###....
 Confuse                  Hex            #.......     77%         3    ####...
 Conjure Flame            Conj/Fire      #.......     77%         3    ####...
 Gell's Gravitas          Tloc           #.........   77%         3    ####...
 Mephitic Cloud           Conj/Pois/Air  #.......     77%         3    ####...
 Petrify                  Tmut/Erth      #.......     99%         4    #####..
 Metabolic Englaciation   Hex/Ice        #.........   100%        5    ######.
 Yara's Violent Unravell  Hex/Tmut       #.........   100%        5    ######.


Dungeon Overview and Level Annotations

Branches:
Dungeon (10/15)            Temple (1/1) D:4            Lair (0/6) D:9
    Orc: D:9-12

Altars:
Ashenzari
Cheibriados
Dithmenos
Elyvilon
Fedhas
Gozag
Hepliaklqana
Kikubaaqudgha
Makhleb
Nemelex Xobeh
Okawaru
Qazlal
Ru
Sif Muna
Trog
Uskayaw
Vehumet
Wu Jian
Xom
Yredelemnul
Zin
The Shining One

Shops:
D:5 ?!((   D:7 =

Annotations:
D:8 2 transporters, exclusion: downstairs, Shaidar's ghost, novice MiBe
D:9 2 transporters, Nautrax's ghost, novice MiAK


Innate Abilities, Weirdness & Mutations

You are small and have problems with some larger weapons.
You are somewhat resistant to further mutation.


Message History

Quiver which item? (- for none, * to show all) (? for menu, Esc to quit)
Okay, then.
Really quaff the potion of lignification?
You turn into a tree.
Your +0 cloak melds into your body.
Your +0 pair of boots melds into your body.
The +1 ring mail of Elyvilon's Wrath {Stlth+} melds into your body.
Your roots penetrate the ground.
The wraith hits you but does no damage.
The centaur hits you but does no damage.
The wraith barely misses you.
As you read the scroll labeled KAMUDUBR NOKYO, it crumbles to dust.
A profound silence engulfs you.
It was a scroll of silence.
The centaur hits you but does no damage.
The wraith barely misses you. The wraith hits you but does no damage.
The centaur hits you.
* * * LOW HITPOINT WARNING * * *
Okay, then.
You feel very mighty all of a sudden. The wraith hits you but does no damage.
The centaur completely misses you. The wraith hits you.
You die...

........#################))....##
.....!...................)†....#
.......................(.......#
...............................#
...............)...............#
..........................##..##
...................)).....###.#
...#####........cW[.......# ..#
...# #........♣W.....(..# ..#
...##...........(########## #..
...##............#
...##............#
...##.........(((#
...############### ..


You could see 2 wraiths and a centaur.

Vanquished Creatures
  Josephine (D:10)
  2 death yaks
  An ugly thing (D:8)
  A gargoyle (D:10)
  A troll (D:10)
  A hippogriff (D:8)
  A spriggan (D:9)
  A shadow (D:10)
  6 yaks (D:10)
  2 wraiths (D:10)
  2 water moccasins
  2 porcupines (D:9)
  2 orc warriors
  2 ice beasts
  3 sky beasts
  A black bear (D:8)
  4 phantoms
  A crocodile (D:10)
  5 ogres
  3 centaurs
  Blork the orc (D:4)
  2 big kobolds
  12 bullfrogs
  2 scorpions
  A water moccasin skeleton (D:4)
  A howler monkey (D:6)
  6 crimson imps
  A bullfrog zombie (D:5)
  Crazy Yiuf (D:4)
  7 hounds
  A jelly (D:8)
  6 orc priests
  6 orc wizards
  2 bullfrog skeletons
  4 iguanas
  Jessica (D:2)
  Terence (D:3)
  3 hell rats (D:9)
  6 worker ants
  A hound skeleton (D:6)
  A worker ant zombie (D:5)
  4 gnolls (D:10)
  12 adders
  A river rat (D:9)
  2 oozes
  An adder skeleton (D:9)
  2 dart slugs
  A leopard gecko (D:1)
  27 orcs
  2 giant cockroaches
  6 goblins
  8 hobgoblins
  6 jackals
  16 kobolds
  3 quokkas
  A ball python (D:5)
  11 bats
  13 frilled lizards
  A jackal zombie (D:6)
  2 leopard gecko zombies
  A quokka skeleton (D:7)
  A quokka zombie (D:6)
  12 rats
  A plant (D:1)
242 creatures vanquished.

Notes
Turn   | Place    | Note
-------+----------+-------------------------------------------
     0 | D:1      | PentaManta the Halfling Hunter began the quest for the Orb.
     0 | D:1      | Reached XP level 1. HP: 14/14 MP: 1/1
    53 | D:1      | Reached skill level 6 in Slings
   167 | D:1      | Reached XP level 2. HP: 19/19 MP: 2/2
   551 | D:1      | Reached skill level 7 in Slings
   551 | D:1      | Reached XP level 3. HP: 24/24 MP: 3/3
  1136 | D:2      | Noticed Jessica
  1148 | D:2      | Killed Jessica
  1148 | D:2      | Reached skill level 8 in Slings
  1148 | D:2      | Reached XP level 4. HP: 16/29 MP: 4/4
  1403 | D:2      | Found an iron altar of Okawaru.
  1429 | D:2      | Became a worshipper of Warmaster Okawaru
  1718 | D:2      | Found a glowing silver altar of Zin.
  1743 | D:2      | Reached XP level 5. HP: 34/34 MP: 5/5
  2088 | D:3      | Found a shadowy altar of Dithmenos.
  2110 | D:3      | Reached skill level 9 in Slings
  2255 | D:3      | Noticed Terence
  2272 | D:3      | Killed Terence
  2684 | D:4      | Found a staircase to the Ecumenical Temple.
  2756 | D:4      | Noticed Blork the orc
  2778 | D:4      | Killed Blork the orc
  2778 | D:4      | Reached skill level 10 in Slings
  2778 | D:4      | Reached XP level 6. HP: 36/39 MP: 6/6
  2965 | D:4      | Reached * piety under Okawaru
  3089 | D:4      | Reached skill level 11 in Slings
  3089 | D:4      | Reached XP level 7. HP: 44/44 MP: 7/7
  3362 | D:4      | Found a runed translucent door.
  3363 | D:4      | Noticed Crazy Yiuf
  3499 | D:4      | Killed Crazy Yiuf
  3499 | D:4      | Reached skill level 12 in Slings
  3812 | Temple   | Entered the Ecumenical Temple
  4025 | D:5      | Entered Level 5 of the Dungeon
  4032 | D:5      | Found Ucsutits's Weapon Shoppe.
  4113 | D:5      | Reached skill level 1 in Armour
  4124 | D:5      | Found Kimen's Weapon Boutique.
  4131 | D:5      | Found a glowing silver altar of Zin.
  4153 | D:5      | Bought a +0 hand crossbow for 52 gold pieces
  4153 | D:5      | Bought 23 bolts for 69 gold pieces
  4154 | D:5      | Found Ynuukhug's Magic Scroll Boutique.
  4172 | D:5      | Bought a scroll of teleportation for 39 gold pieces
  4172 | D:5      | Bought a scroll of blinking for 97 gold pieces
  4179 | D:5      | Found Borutec's Distillery.
  4189 | D:5      | Bought a potion of heal wounds for 60 gold pieces
  4207 | D:5      | Got a fine pewter ring
  4550 | D:5      | Reached XP level 8. HP: 37/49 MP: 8/8
  4762 | D:6      | Reached skill level 1 in Crossbows
  4795 | D:6      | Reached ** piety under Okawaru
  5065 | D:6      | Found a basalt altar of Yredelemnul.
  5375 | D:6      | Reached XP level 9. HP: 54/54 MP: 9/9
  5904 | D:5      | Found an ancient bone altar of Kikubaaqudgha.
  6027 | D:7      | Reached skill level 5 in Crossbows
  6086 | D:7      | Found Nuimonwo's Jewellery Emporium.
  6143 | D:7      | Reached skill level 5 in Dodging
  6274 | D:7      | Reached skill level 5 in Armour
  6447 | D:7      | Reached *** piety under Okawaru
  6754 | D:6      | Found a hazy altar of Hepliaklqana.
  6818 | D:8      | Noticed a hippogriff
  6829 | D:8      | Killed a hippogriff
  6829 | D:8      | Received a gift from Okawaru
  7015 | D:8      | Reached XP level 10. HP: 60/60 MP: 10/10
  7228 | D:8      | Found a shimmering altar of Xom.
  7394 | D:8      | Found a transporter.
  7509 | D:8      | Found a transporter.
  7510 | D:8      | Noticed Shaidar's ghost (novice MiBe)
  8419 | D:9      | Found a transporter.
  8420 | D:9      | Noticed a deep elf mage
  8420 | D:9      | Noticed Nautrax's ghost (novice MiAK)
  8435 | D:9      | Found a transporter.
  8438 | D:9      | Found a glowing golden altar of the Shining One.
  8440 | D:9      | Found a blossoming altar of Fedhas.
  8441 | D:9      | Found a radiant altar of Vehumet.
  8467 | D:9      | Found a bloodstained altar of Trog.
  8493 | D:9      | Noticed a death yak
  8498 | D:9      | Found a sparkling altar of Nemelex Xobeh.
  8547 | D:8      | Reached **** piety under Okawaru
  8547 | D:8      | Received a gift from Okawaru
  8770 | D:9      | Noticed a purple ugly thing
  8784 | D:9      | Noticed a death yak
  8807 | D:9      | Noticed a death yak
  8905 | D:8      | Killed a purple ugly thing
  9105 | D:8      | Identified the ring of the Clam {rPois rF+ MR+ Dex+4
                  | Slay+2} (You found it on level 5 of the Dungeon)
  9446 | D:8      | Killed a death yak
  9446 | D:8      | Received a gift from Okawaru
  9845 | D:7      | Killed a death yak
  9845 | D:7      | Received a gift from Okawaru
  9845 | D:7      | Reached XP level 11. HP: 57/64 MP: 11/11
 10403 | D:9      | Found a staircase to the Lair.
 10928 | D:10     | Entered Level 10 of the Dungeon
 11038 | D:10     | Received a gift from Okawaru
 11121 | D:10     | Reached ***** piety under Okawaru
 11121 | D:10     | Reached skill level 10 in Crossbows
 11145 | D:10     | Received a gift from Okawaru
 11617 | D:10     | Got a pitted ring mail
 11663 | D:10     | Identified the +1 ring mail of Elyvilon's Wrath {Stlth+}
                  | (You found it on level 10 of the Dungeon)
 11791 | D:10     | Noticed Josephine
 11815 | D:10     | Killed Josephine
 11961 | D:10     | HP: 3/64 [wraith[Josephine] (3)]
 11964 | D:10     | Slain by a wraith

Levels and vault maps discovered:
D:1:      evilmike_arrival_hilbert_curve, layout_basic, serial_forest,
          infiniplex_forest_lined_corner, infiniplex_forest_lined_3_way,
          infiniplex_forest_clump_long, infiniplex_forest_side_room,
          infiniplex_forest_clump_tiny, minmay_lizard_king
D:2:      layout_rooms, overflow_temple_1_default, okawaru_metal_pillars_1_2,
          uniq_jessica
D:3:      layout_rooms, grunt_dithmenos_smoke_and_mirrors, uniq_terence
D:4:      layout_loops_ring, minmay_temple_entry_poolview, first_ration,
          roderic_serpentine_path, uniq_blork_the_orc, uniq_crazy_yiuf_cottage
D:5:      layout_gridville, nicolae_overflow_hidden_temple, serial_shops,
          nicolae_shop_competitors_out_of_business, nicolae_shop_trees,
          nicolae_shop_waterfront, shop, basic_altar
D:6:      lemuel_upstairs_altar, layout_loops_ring, kennysheep_little_box,
          kennysheep_generic_room_6
D:7:      layout_basic, serial_shops, nicolae_shop_trees
D:8:      layout_layer_cave, gammafunk_ghost_mausoleum,
          brannock_xom_greatest_gift
D:9:      layout_rooms, grunt_temple_overflow_open, dpeg_lair_monsters,
          gammafunk_ghost_arena, serial_curves, eino_curves_01, eino_curves_04,
          eino_curves_02, the_bakery
D:10:     layout_basic, serial_shops, shop, uniq_josephine
Temple:   dshaligram_water_room_temple

Skill      XL: |  1  2  3  4  5  6  7  8  9 10 11 |
---------------+----------------------------------+-----
Slings         | 6 7 8 10 11 12 | 12.1
Armour         | 2 4 6 8 9 |  9.8
Dodging        | 4 6 8 9 |  9.9
Crossbows      | 4 7 9 10 | 10.5
Fighting       | |  1.7
Stealth        | |  1.1

Action                   |  1- 3 |  4- 6 |  7- 9 | 10-12 || total
-------------------------+-------+-------+-------+-------++-------
Melee: Short sword       |    50 |       |       |       ||    50
 Fire: Hunting sling     |    74 |   189 |   501 |   516 ||  1280
       Hand crossbow     |       |       |       |     8 ||     8
Throw: Dart              |       |     4 |     6 |    43 ||    53
       Throwing net      |       |       |       |     2 ||     2
Invok: Heroism           |       |       |       |     2 ||     2
  Use: Scroll            |       |     8 |     7 |     9 ||    24
       Potion            |       |       |       |    10 ||    10
  Eat: Ration            |       |     1 |     1 |     1 ||     3
       Chunk             |       |     2 |     8 |    11 ||    21
Armor: Leather armour    |     6 |     7 |       |       ||    13
       Ring mail         |       |    10 |    43 |    50 ||   103
       Skin              |       |       |       |     8 ||     8
Dodge: Dodged            |    19 |    30 |    76 |   164 ||   289

Table legend:
 A = Non-vault XP
 B = Vault XP
 C = Vault XP percentage of total XP
 D = Non-vault monster count
 E = Vault monster count
 F = Vault count percentage of total count
                 A         B        C        D         E       F
            +---------+---------+-------+---------+---------+-------
      Total |    9346 |    4053 |  30.2 |     211 |      30 |  12.4
            +---------+---------+-------+---------+---------+-------
        D:1 |      26 |      12 |  31.6 |      17 |      10 |  37.0
        D:2 |      65 |      37 |  36.3 |      17 |       1 |   5.6
        D:3 |      69 |      36 |  34.3 |      21 |       1 |   4.5
        D:4 |     440 |     145 |  24.8 |      20 |       2 |   9.1
        D:5 |     201 |       0 |   0.0 |      10 |       0 |   0.0
        D:6 |     972 |      57 |   5.5 |      20 |       2 |   9.1
        D:7 |     973 |     853 |  46.7 |      22 |       1 |   4.3
        D:8 |    2853 |     861 |  23.2 |      37 |       1 |   2.6
        D:9 |     945 |     625 |  39.8 |      20 |       9 |  31.0
       D:10 |    2802 |    1427 |  33.7 |      27 |       3 |  10.0
            +---------+---------+-------+---------+---------+-------
